 Dungeon Crawl Stone Soup version 0.19.1-1-g22dce08 (webtiles) character file.

84 Jynx the Charmwright (level 4, -2/34 HPs)
             Began as a Merfolk Skald on Jan 20, 2017.
             Slain by an orc
             ... wielding a +0 flail
              (5 damage)
             ... on level 3 of the Dungeon.
             The game lasted 00:07:53 (2491 turns).

Jynx the Charmwright (Merfolk Skald)                Turns: 2491, Time: 00:07:53

Health: -2/34      AC:  3    Str: 13    XL:     4   Next: 46%
Magic:  8/8        EV: 12    Int: 11    God:
Gold:   108        SH:  0    Dex: 13    Spells: 3 memorised, 3 levels left

rFire  . . .     SeeInvis .     o - +0 long sword
rCold  . . .     Gourm    .     b - +0 leather armour
rNeg   . . .     Faith    .     (no shield)
rPois  .         Spirit   .     (no helmet)
rElec  .         Reflect  .     (no cloak)
rCorr  .         Harm     .     (no gloves)
MR     .....                    (no boots)
Stlth  +.........               (no amulet)
                                (no ring)
                                (no ring)

@: singing
A: change form in water, swift swim, stealthy swim
a: Stop Singing


You were on level 3 of the Dungeon.
You were hungry.

You visited 1 branch of the dungeon, and saw 3 of its levels.

You collected 108 gold pieces.

Inventory:

Hand Weapons
 o - a +0 long sword (weapon)
Armour
 b - a +0 leather armour (worn)
Jewellery
 m - an uncursed amulet of guardian spirit
 n - an uncursed ring of teleportation
Scrolls
 j - 3 scrolls of remove curse
 k - a scroll of blinking
Potions
 e - 2 potions of heal wounds
 h - a potion of brilliance
 i - a potion of flight {unknown}
Books
 c - a book of Battle

   Spells                             Type                      Level
   a - Infusion                       Charms                       1
   b - Shroud of Golubria             Charms/Translocation         2
   c - Song of Slaying                Charms                       2
   d - Spectral Weapon                Hexes/Charms                 3
   e - Regeneration                   Charms/Necromancy            3
Comestibles
 a - a royal jelly
 d - 2 bread rations
 f - 3 meat rations
 g - 3 fruits
 l - 2 chunks of flesh


   Skills:
 + Level 2.5 Fighting
 * Level 2.9 Long Blades
 + Level 1.2 Armour
 + Level 2.3 Dodging
 + Level 2.8 Spellcasting
 + Level 3.5 Charms


You had 3 spell levels left.
You knew the following spells:

 Your Spells              Type           Power        Failure   Level  Hunger
a - Infusion              Chrm           #...         10%         1    #......
b - Song of Slaying       Chrm           #.......     14%         2    ###....
c - Shroud of Golubria    Chrm/Tloc      #.........   24%         2    ###....


Dungeon Overview and Level Annotations

Branches:
Dungeon (3/15)

Altars:


Message History

You are too injured to fight recklessly!
You closely miss the kobold. The kobold hits you but does no damage.
The kobold hits you with a club.
* * * LOW HITPOINT WARNING * * *
You hit the kobold.
You kill the kobold!
You hit the orc.
The orc is lightly wounded.
The orc closely misses you.
You slash the orc!
You kill the orc!
You slash the orc!
The orc is almost dead.
The orc closely misses you. The orc barely misses you.
You barely miss the orc.
The orc is almost dead.
The orc hits you from afar with a vampiric trident.
* * * LOW HITPOINT WARNING * * *
The orc hits you with a flail.
You die...

#......... #........
#.......o #......#
#......#.# #....o.#.#..#
#....ow#.#..#
####.#o#.#..# #.#@#.#..#
####.#......#
########.).†.......#
..........#.#.(....##
###########..#.#.......#
..........#..#.#.....#.#
######..#.#..#.###.#.# .
#..#.#..#.###.#.#
####..#.#..#.....#.#


You could see a dart slug and 4 orcs.

Vanquished Creatures
  A gnoll (D:2)
  An adder (D:2)
  2 oozes
  3 dart slugs
  A leopard gecko (D:1)
  An orc (D:3)
  A ball python (D:1)
  3 giant cockroaches
  4 goblins
  7 hobgoblins
  2 jackals (D:3)
  3 bats
  5 frilled lizards
  7 kobolds
  10 rats
51 creatures vanquished.

Vanquished Creatures (others)
  7 toadstools (D:1)
7 creatures vanquished.

Grand Total: 58 creatures vanquished

Notes
Turn   | Place    | Note
-------+----------+-------------------------------------------
     0 | D:1      | Jynx the Merfolk Skald began the quest for the Orb.
     0 | D:1      | Reached XP level 1. HP: 16/16 MP: 3/3
   158 | D:1      | Reached XP level 2. HP: 14/22 MP: 5/5
   434 | D:1      | Learned a level 2 spell: Song of Slaying
   437 | D:1      | Learned a level 2 spell: Shroud of Golubria
   690 | D:1      | Reached XP level 3. HP: 12/28 MP: 3/6
   921 | D:2      | Reached skill level 1 in Armour
  1531 | D:2      | Reached XP level 4. HP: 32/34 MP: 8/8
  2491 | D:3      | Slain by an orc

Skill      XL: |  1  2  3 |
---------------+----------+-----
Dodging        | 2 |  2.3
Armour         | 1 |  1.2
Fighting       | |  2.5
Long Blades    | |  2.9
Spellcasting   | |  2.8
Charms         | |  3.5

Action                   |  1- 3 |  4- 6 || total
-------------------------+-------+-------++-------
Melee: Falchion          |   117 |    35 ||   152
       Long sword        |       |    11 ||    11
 Cast: Song of Slaying   |     2 |     1 ||     3
       Infusion          |     1 |       ||     1
  Use: Scroll            |     4 |     4 ||     8
  Eat: Chunk             |     2 |     3 ||     5
Armor: Leather armour    |    30 |    10 ||    40
Dodge: Dodged            |    83 |    38 ||   121
       Rpst.: Falchion   |    31 |    11 ||    42
       Long sword        |       |     3 ||     3
